 Dungeon Crawl Stone Soup version 0.27.1-37-g7b29ead8ac (console) character file.

Game seed: 5986870193468615985

99 grimtooth the Caller (level 4, -4/30 HPs)
             Began as a Barachi Summoner on Aug 17, 2023.
             Killed by divine providence
             ... invoked by an orc priest
              (14 damage)
             ... on level 3 of the Dungeon.
             The game lasted 00:10:57 (4116 turns).

grimtooth the Caller (Barachi Summoner)             Turns: 4116, Time: 00:10:58

Health: -4/30      AC:  5    Str:  9    XL:     4   Next: 72%
Magic:  3/8        EV: 12    Int: 16    God:
Gold:   225        SH:  0    Dex: 13    Spells: 6/9 levels left

rFire    . . .     SeeInvis .   e - +0 short sword
rCold    . . .     Faith    .   (no shield)
rNeg     . . .     Spirit   .   a - +0 robe
rPois    .         Reflect  .   (no helmet)
rElec    .         Harm     .   (no cloak)
rCorr    .         Rampage  .   (no gloves)
Will     .....                  f - +2 pair of boots
Stlth    ++........             (no amulet)
HPRegen  0.10/turn              (no ring)
MPRegen  0.11/turn              (no ring)

@: slow
A: amphibious, slowness 1, strong legs 1, +LOS
a: Hop


You were on level 3 of the Dungeon.
You visited 1 branch of the dungeon, and saw 3 of its levels.

You collected 225 gold pieces.

Inventory:

Hand Weapons
 e - a +0 short sword (weapon)
Missiles
 b - 9 poisoned darts
 c - 46 stones (quivered)
 j - 31 sling bullets
Armour
 a - a +0 robe (worn)
 f - a +2 pair of boots (worn)
 n - a +0 pair of gloves
Jewellery
 l - an amulet of guardian spirit
Scrolls
 d - 2 scrolls of brand weapon {unknown}
 i - 2 scrolls of identify {@r4}
 m - a scroll of amnesia {unknown}
Potions
 g - a potion of degeneration
 h - a potion of attraction
 k - a potion of invisibility


   Skills:
 - Level 2.1 Dodging
 - Level 1.7 Stealth
 + Level 3.2 Spellcasting
 * Level 6.5 Summonings


You had 6 spell levels left.
You knew the following spells:

 Your Spells              Type           Power      Damage    Failure   Level
L - Summon Small Mammal   Summ           92%        N/A       1%          1
P - Call Imp              Summ           23%        N/A       1%          2

Your spell library contained the following spells:

 Spells                   Type           Power      Damage    Failure   Level
 Call Canine Familiar     Summ           23%        N/A       3%          3
 Summon Guardian Golem    Hex/Summ       13%        N/A       14%         3
 Ensorcelled Hibernation  Hex/Ice        4%         N/A       28%         2
 Summon Lightning Spire   Summ/Air       13%        N/A       43%         4
 Spider Form              Tmut/Pois      1%         N/A       50%         3
 Shadow Creatures         Summ           N/A        N/A       88%         6


Dungeon Overview and Level Annotations

Branches:
Dungeon (3/15)

Altars:

Annotations:
D:2 1 runed translucent door, Crazy Yiuf
D:3 exclusion: orc priest


Innate Abilities, Weirdness & Mutations

You are amphibious.
You cover ground slowly.
You can hop short distances.
You have an extended range of vision and can be seen from far away.


Message History

Your white imp hits the orc priest but does no damage.
The orc priest begins to cast a cantrip, but forgets the words!
Your white imp gestures at the orc priest.
The puff of frost hits the orc priest!
What are your orders? t - Croak!
Orders for allies: a - Attack new target. p - Attack previous target. r - Retreat! s - Stop attacking. g - Guard the area. f - Follow me.
Anything else - Cancel.
Gang up on whom?
Press: ? - help, Dir - move target, f/p - orc priest
Aim: an orc priest, wielding a +0 whip and wearing a +0 chain mail (heavily wounded, ally target) Attack!
The orc priest barely misses your white imp.
Your white imp hits the orc priest but does no damage.
The orc priest mumbles some strange prayers to Beogh against your white imp.
Your white imp is smitten.
Your white imp dies!
Your white imp disappears in a puff of smoke!
Casting: Call Imp (safe; 1% risk of failure)
Confirm with . or Enter, or press ? or * to list all spells.
A beastly little devil appears in a puff of flame.
What are your orders? t - Croak!
Orders for allies: a - Attack new target. p - Attack previous target. r - Retreat! s - Stop attacking. g - Guard the area. f - Follow me.
Anything else - Cancel.
Gang up on whom?
Press: ? - help, Dir - move target, f/p - orc priest
Aim: an orc priest, wielding a +0 whip and wearing a +0 chain mail (heavily wounded, ally target) Attack!
The orc priest calls down the wrath of Beogh upon you.
Beogh smites you!
* * * LOW HITPOINT WARNING * * *
Your crimson imp closely misses the orc priest.
The orc priest calls down the wrath of Beogh upon you.
Beogh smites you!
You die...

.... ..o.... ###.# #...# #)###
#o# ... # #5# .....#
#.######.....# ####5#..........#
#.......##......
#.##.#..##.##.#####
#.##.@...#......<.#
#.####...#..#.##..####
#.####................
######.................###.
#......####.#.#.###....###. ###
#.####.# #.#...# #........ ..#
#.####.## #.###.###.....##. #.#
#.......# #.###.......####. #.#
#.#.##..###................
#.#####.#.....>..######...#######
#.............##.# #...# #


You could see an orc priest (ally target) and 2 friendly crimson imps.

Vanquished Creatures
  A ball python (D:3)
  A bat (D:2)
  An endoplasm (D:3)
  A giant cockroach (D:3)
  A goblin (D:1)
  2 hobgoblins (D:3)
  2 quokkas (D:3)
  2 frilled lizards
  2 kobolds
  A rat (D:1)
14 creatures vanquished.

Vanquished Creatures (collateral kills)
  An orc priest (D:3)
  An iguana (D:3)
  Jessica (D:2)
  An orc wizard (D:3)
  2 adders (D:2)
  A worm (D:3)
  2 orcs (D:3)
  2 endoplasms (D:3)
  A goblin (D:3)
  2 hobgoblins
  3 kobolds
  2 quokkas
  A bat (D:2)
  A rat (D:1)
21 creatures vanquished.

Grand Total: 35 creatures vanquished

Notes
Turn   | Place    | Note
-------+----------+-------------------------------------------
     0 | D:1      | grimtooth the Barachi Summoner began the quest for the Orb.
     0 | D:1      | Reached XP level 1. HP: 13/13 MP: 3/3
    32 | D:1      | Found a faded altar of an unknown god.
   511 | D:1      | Reached skill level 5 in Summonings
  1186 | D:2      | Reached XP level 2. HP: 17/19 MP: 1/5
  1271 | D:2      | Noticed Jessica
  1306 | D:2      | Killed Jessica
  1761 | D:2      | Learned a level 2 spell: Call Imp
  1794 | D:2      | Reached XP level 3. HP: 16/24 MP: 4/7
  2483 | D:2      | Found a runed translucent door.
  2484 | D:2      | Noticed Crazy Yiuf
  2823 | D:3      | Reached skill level 6 in Summonings
  3031 | D:3      | Reached XP level 4. HP: 25/30 MP: 6/8
  4116 | D:3      | Killed from afar by an orc priest

Illustrated notes

Levels and vault maps discovered:
D:1:      dpeg_arrival_shelter, layout_rooms,
          hellmonk_ecumenical_altar_crossroads, serial_bayou_ford_a,
          st_stairs_5, grunt_decor_arrowhead, hangedman_abyss_or_decor_stabs,
          bh_walls_and_bars
D:2:      layout_loops_corners, uniq_crazy_yiuf_cottage, uniq_jessica
D:3:      layout_loops_cross

Skill      XL: |  1  2  3 |
---------------+----------+-----
Summonings     | 5 6 |  6.5
Spellcasting   | 3 |  3.2
Dodging        | |  2.1
Stealth        | |  1.7

Action                   |  1- 3 |  4- 6 || total
-------------------------+-------+-------++-------
Melee: Unarmed           |     7 |       ||     7
       Short sword       |    32 |    25 ||    57
Throw: Dart              |    18 |       ||    18
       Stone             |    10 |     3 ||    13
 Cast: Summon Small Mamm |    35 |     6 ||    41
       Call Imp          |     5 |    10 ||    15
 Abil: Hop               |     2 |     1 ||     3
  Use: Scroll            |       |     3 ||     3
 Stab: Sleeping          |     2 |     1 ||     3
Armor: Robe              |    19 |     7 ||    26
Dodge: Dodged            |    42 |    14 ||    56
